 Dungeon Crawl Stone Soup version 0.27.1 (webtiles) character file.

Game seed: 10378272364996182771

873 MacCMillion the Geomancer (level 8, -7/41 HPs)
             Began as a Gargoyle Earth Elementalist on Sept 2, 2021.
             Was a Follower of Vehumet.
             Killed by divine providence
             ... invoked by an orc priest
              (8 damage)
             ... on level 6 of the Dungeon.
             The game lasted 00:16:52 (6044 turns).

MacCMillion the Geomancer (GrEE)                    Turns: 6044, Time: 00:16:52

Health: -7/41      AC:  9    Str: 13    XL:     8   Next: 4%
Magic:  6/11       EV: 12    Int: 17    God:    Vehumet [*.....]
Gold:   166        SH:  5    Dex: 10    Spells: 7/11 levels left

rFire    . . .     SeeInvis .   a - +3 dagger (venom)
rCold    . . .     Faith    .   (no shield)
rNeg     + . .     Spirit   .   k - +0 robe
rPois    ∞         Reflect  +   i - +2 hat
rElec    +         Harm     .   (no cloak)
rCorr    .         Rampage  .   (no gloves)
Will     .....                  (no boots)
Stlth    ++........             h - amulet of reflection
HPRegen  0.13/turn              (no ring)
MPRegen  0.12/turn              (no ring)

@: no status effects
A: sickness immunity, AC +5, negative energy resistance 1, electricity
resistance, torment resistance 1, petrification resistance
a: Renounce Religion


You were on level 6 of the Dungeon.
You worshipped Vehumet.
Vehumet was aware of your devotion.
You visited 2 branches of the dungeon, and saw 7 of its levels.

You collected 205 gold pieces.
You spent 39 gold pieces at shops.

Inventory:

Hand Weapons
 a - a +3 dagger of venom (weapon)
 b - a +2 dagger of electrocution
 g - a +0 dagger
Missiles
 c - 51 stones
Armour
 i - a +2 hat (worn)
 k - a +0 robe (worn)
Jewellery
 h - an amulet of reflection (around neck)
Wands
 t - a wand of mindburst (5)
Scrolls
 f - 3 scrolls of teleportation
 j - a scroll of blinking
 m - a scroll of summoning
 o - a scroll of enchant weapon {unknown}
 p - a scroll of immolation {unknown}
 r - a scroll of acquirement {unknown}
Potions
 d - a potion of flight {unknown}
 e - a potion of berserk rage {unknown}
 l - a potion of resistance {unknown}
 n - 2 potions of brilliance {unknown}
 q - a potion of cancellation {unknown}
 s - 3 potions of curing


   Skills:
 - Level 3.0 Short Blades
 - Level 1.7 Dodging
 - Level 2.3 Stealth
 - Level 2.0 Spellcasting
 - Level 5.0 Conjurations
 - Level 1.0 Transmutations
 + Level 8.4 Earth Magic


You had 7 spell levels left.
You knew the following spells:

 Your Spells              Type           Power      Damage    Failure   Level
a - Sandblast             Erth           60%        2d14      1%          1
b - Stone Arrow           Conj/Erth      48%        3d10      3%          3

Your spell library contained the following spells:

 Spells                   Type           Power      Damage    Failure   Level
 Freeze                   Ice            4%         1d3       19%         1
 Passwall                 Tmut/Erth      14%        N/A       4%          2
 Foxfire                  Conj/Fire      40%        2x1d6     7%          1
 Animate Skeleton         Necr           2%         N/A       19%         1
 Apportation              Tloc           2%         N/A       19%         1
 Corona                   Hex            1%         N/A       19%         1
 Summon Small Mammal      Summ           4%         N/A       19%         1
 Conjure Flame            Conj/Fire      10%        6-21      21%         3
 Petrify                  Tmut/Erth      17%        N/A       28%         4
 Ignite Poison            Fire/Tmut/Pois 2%         N/A       45%         3
 Inner Flame              Hex/Fire       1%         N/A       50%         3
 Sticky Flame             Conj/Fire      10%        2d3       56%         4


Dungeon Overview and Level Annotations

Branches:
Dungeon (6/15)             Temple (1/1) D:4

Altars:
Ashenzari
Cheibriados
Dithmenos
Elyvilon
Fedhas
Gozag
Hepliaklqana
Kikubaaqudgha
Makhleb
Nemelex Xobeh
Okawaru
Qazlal
Ru
Sif Muna
Trog
Uskayaw
Vehumet
Wu Jian
Xom
Zin
The Shining One

Shops:
D:1 !   D:2 !

Annotations:
D:3 3 runed translucent doors, qnok's ghost, amateur DgFi


Innate Abilities, Weirdness & Mutations

You are immune to sickness and miasma.
Your stone body is resilient. (AC +5)
You are immune to poison.
You resist negative energy. (rN+)
You are resistant to electric shocks. (rElec)
You are resistant to unholy torment.
You are immune to petrification.


Message History

An orc comes into view. It is wielding a +0 flail.
The orc closely misses you.
An orc priest comes into view. It is wielding a +0 club.
A scorpion comes into view.
The scorpion moves out of view.
There is a stone staircase leading down here.
The orc priest calls upon Beogh to heal the orc.
The orc's wounds heal themselves!
The orc hits you but does no damage.
You climb downwards.
There is a stone staircase leading up here.
You hit the orc priest.
The orc priest is poisoned.
The orc priest is moderately wounded.
The orc priest misses you.
You are too injured to fight recklessly!
Aiming: Sandblast (safe; 1% risk of failure)
Press: ? - help, Q - select action, (/) - cycle Shift-Dir - straight line, f - orc priest
Aim: an orc priest, wielding a +0 club and wearing a +0 chain mail (moderately wounded, very poisoned, 87% to hit)
The blast of sand hits the orc priest but does no damage.
The orc priest is moderately wounded.
Aiming: Sandblast (safe; 1% risk of failure)
Press: ? - help, Q - select action, (/) - cycle Shift-Dir - straight line, f/p - orc priest
Aim: an orc priest, wielding a +0 club and wearing a +0 chain mail (moderately wounded, very poisoned, 87% to hit)
The blast of sand hits the orc!
You kill the orc!
Vehumet accepts your kill.
Aiming: Sandblast (safe; 1% risk of failure)
Press: ? - help, Q - select action, (/) - cycle Shift-Dir - straight line, f/p - orc priest
Aim: an orc priest, wielding a +0 club and wearing a +0 chain mail (moderately wounded, very poisoned, 87% to hit)
The blast of sand misses the orc priest.
The orc priest mumbles some strange prayers to Beogh against you.
Beogh smites you!
* * * LOW HITPOINT WARNING * * *
Aiming: Sandblast (safe; 1% risk of failure)
Press: ? - help, Q - select action, (/) - cycle Shift-Dir - straight line, f/p - orc priest
Aim: an orc priest, wielding a +0 club and wearing a +0 chain mail (moderately wounded, very poisoned, 87% to hit)
The blast of sand hits the orc priest but does no damage.
The orc priest is moderately wounded.
The orc priest calls down the wrath of Beogh upon you.
Beogh smites you!
You die... ######### ......o@# #########

You could see an orc priest (very poisoned).

Vanquished Creatures
  A water moccasin (D:5)
  Duvessa (D:4)
  A sky beast (D:5)
  An ogre (D:4)
  Dowan (D:3)
  A centaur zombie (D:5)
  A hound (D:4)
  A jelly (D:4)
  A bullfrog skeleton (D:5)
  2 iguanas
  Jessica (D:3)
  3 orc wizards
  4 gnolls
  4 adders
  A worm (D:2)
  A dart slug (D:3)
  13 orcs
  6 bats
  4 endoplasms
  4 giant cockroaches
  4 hobgoblins
  4 jackals (D:4)
  8 kobolds
  5 quokkas
  2 ball pythons
  3 frilled lizards
  6 goblins
  7 rats
91 creatures vanquished.

Vanquished Creatures (collateral kills)
  An endoplasm (D:4)
1 creature vanquished.

Vanquished Creatures (others)
  32 plants
32 creatures vanquished.

Grand Total: 124 creatures vanquished

Notes
Turn   | Place    | Note
-------+----------+-------------------------------------------
     0 | D:1      | MacCMillion the Gargoyle Earth Elementalist began the quest
                  | for the Orb.
     0 | D:1      | Reached XP level 1. HP: 10/10 MP: 3/3
   229 | D:1      | Reached skill level 4 in Earth Magic
   229 | D:1      | Reached XP level 2. HP: 15/15 MP: 3/5
   502 | D:1      | Reached skill level 1 in Transmutations
   966 | D:1      | Found Veodghie's Distillery.
  1035 | D:1      | Bought a potion of curing for 39 gold pieces
  1192 | D:1      | Reached XP level 3. HP: 13/19 MP: 3/6
  1599 | D:2      | Reached skill level 5 in Earth Magic
  1763 | D:2      | Found Beyhua's Distillery.
  1904 | D:2      | Learned a level 3 spell: Stone Arrow
  1942 | D:2      | Reached XP level 4. HP: 24/24 MP: 4/7
  2509 | D:3      | Reached skill level 6 in Earth Magic
  2767 | D:3      | Found a runed translucent gate.
  2768 | D:3      | Found a runed translucent gate.
  2768 | D:3      | Found a runed translucent gate.
  2915 | D:3      | Noticed Jessica
  2918 | D:3      | Killed Jessica
  2919 | D:3      | Reached skill level 1 in Conjurations
  2919 | D:3      | Reached XP level 5. HP: 28/28 MP: 5/8
  3375 | D:3      | Noticed qnok's ghost (amateur DgFi)
  3562 | D:4      | Noticed an ogre
  3709 | D:4      | Reached skill level 1 in Short Blades
  3896 | D:4      | Found a staircase to the Ecumenical Temple.
  3908 | Temple   | Entered the Ecumenical Temple
  4081 | Temple   | Became a worshipper of Vehumet
  4260 | D:4      | Reached XP level 6. HP: 32/32 MP: 9/9
  4571 | D:4      | Reached skill level 7 in Earth Magic
  4730 | D:4      | Noticed Dowan
  4734 | D:4      | Noticed Duvessa
  5089 | D:4      | Killed Duvessa
  5090 | D:4      | Reached XP level 7. HP: 22/36 MP: 3/10
  5095 | D:3      | Killed Dowan
  5579 | D:5      | Entered Level 5 of the Dungeon
  5846 | D:5      | Reached * piety under Vehumet
  5846 | D:5      | Offered knowledge of Freeze by Vehumet.
  5854 | D:5      | Reached skill level 8 in Earth Magic
  5888 | D:5      | Reached skill level 5 in Conjurations
  5888 | D:5      | Reached XP level 8. HP: 28/41 MP: 11/11
  6043 | D:6      | HP: 1/41 [orc priest/divine providence (14)]
  6044 | D:6      | Killed from afar by an orc priest

Illustrated notes

Levels and vault maps discovered:
D:1:      beargit_arrival_greenhouse, layout_loops_ring, serial_shops,
          nicolae_shop_crystal
D:2:      layout_loops_ring, serial_shops, shop, serial_bayou_lagoon_a
D:3:      layout_basic, gammafunk_ghost_necromancy, uniq_jessica
D:4:      layout_cave_pods, minmay_temple_entry_grid, uniq_duvessa
D:5:      layout_rooms
D:6:      layout_basic, mainiacjoe_overflow_brackets, serial_shops,
          kennysheep_mini_moat, shop, shop, kennysheep_little_box, shop,
          corexii_checkpoint_a
Temple:   kilobyte_greek_temple

Skill      XL: |  1  2  3  4  5  6  7 |
---------------+----------------------+-----
Earth Magic    | 4 5 6 7 8 |  8.4
Transmutations | 1 |  1.0
Conjurations   | 1 2 3 5 |  5.0
Short Blades   | 1 2 3 |  3.0
Dodging        | |  1.7
Stealth        | |  2.3
Spellcasting   | |  2.0

Action                   |  1- 3 |  4- 6 |  7- 9 || total
-------------------------+-------+-------+-------++-------
Melee: Whip              |    34 |       |       ||    34
       Unarmed           |     1 |       |       ||     1
       Dagger            |    98 |    64 |    52 ||   214
 Cast: Sandblast         |    13 |    45 |    16 ||    74
  Use: Scroll            |       |     4 |       ||     4
 Stab: Sleeping          |     2 |     3 |       ||     5
Armor: Robe              |    47 |    23 |    19 ||    89
Dodge: Dodged            |   103 |    44 |    25 ||   172
Block: Other             |       |    18 |    15 ||    33
       Reflection        |       |     2 |       ||     2
